[Event "Nové Hrady - Open"]
[Site "Nové Hrady, Czech Republic"]
[Date "2023.08.16"]
[Round "4.4"]
[White "Matyska, Jiří"]
[Black "Šimůnek, Jakub Šimon"]
[Result "0-1"]
[TimeControl "2x90min+30s"]
[WhiteFideId "309370"]
[BlackFideId "23709464"]
[WhiteElo "1852"]
[BlackElo "1921"]

1. d4 d5 2. Nf3 Nf6 3. Bg5 c6 4. c3 Bf5 5. Nh4 Be4 6. f3 Bg6 7. Nd2 Nbd7 8. e4 dxe4 9. fxe4 Bxe4 10.
Bc4 Bd5 11. Qe2 e6 12. O-O Bxc4 13. Nxc4 Be7 14. Rae1 h6 15.
Ng6 Rg8 16. Nf4 Nf8 17. Bxf6 Bxf6 18. Qg4 Qe7 19. Ne3 Bg5 20. d5 Bxf4 21. Qxf4 cxd5 22. Nxd5 Qc5+ 23. Kh1 O-O-O 24. Qxf7 Rh8 25.
Nf4 e5 26. Qf5+ Kb8 27. Nd3 Qd5 28. Nb4 Qe6 29. Rxe5 Qxf5 30. Rexf5 Ne6 31. h3 Ng5 32. Kh2 Rd2 33. R1f2 Rhd8 34. Rf8 Kc7 35. Rxd8 Rxf2 36. Rg8 Ne6 37. Nd3 Rd2 38. Ne5 Rxb2 39. Re8 Nf4 40.
Kg3 g5 41. Re7+ Kc8 42. Re8+ Kc7 43. Re7+ Kd8 44. Rh7 Rxg2+ 45. Kf3 Rxa2 46. Rxb7 Ra3 47. Kg4 Rxc3 48. h4 Rc7 49. Nf7+ Kd7 50. Rb4 Ne6 51. Nxh6 gxh4 52. Kxh4 a5 53.
Rb6 Ra7 54. Nf5 Nc5 55. Nd4 Ra6 56. Rb5 Kd6 57. Kg4 a4 58. Nc2 Kd5 59. Na3 Kd4 60. Kf3 Nb3 61. Ke2 Kc3 62. Rb8 Kb2 63.
Nc4+ Kc3 64. Na3 Rc6 65. Nb5+ Kb2 66. Ra8 Nc5 67. Ke3 Rb6 68. Ra5 Kb3 69. Nd4+ Kb4 70. Ra8 Na6 71. Ra7 Kc3 72.
Ne2+ Kb2 73. Kd3 a3 74. Nc3 Rd6+ 75. Kc4 Rc6+ 76. Kb5 Rxc3 77. Rxa6 a2 78. Kb4 Rb3+ 79. Kc4 Rb8 80. Kd4 0-1

[Event "Nové Hrady - Open"]
[Site "Nové Hrady, Czech Republic"]
[Date "2023.08.16"]
[Round "4.5"]
[White "Slabý, Matěj"]
[Black "Jiřík, Radovan"]
[Result "1-0"]
[TimeControl "2x90min+30s"]
[WhiteFideId "23734876"]
[BlackFideId "393118"]
[WhiteElo "1894"]
[BlackElo "1445"]

1. e4 e5 2. Bc4 Nf6 3. d3 Be7 4. Nf3 Nc6 5. O-O O-O 6. c3 d6 7. h3 Na5 8. Bb5 Bd7 9. Bxd7 Qxd7 10.
b4 Nc6 11. b5 Nd8 12. c4 Ne6 13. Be3 c6 14. bxc6 Qxc6 15. Nc3 Nc7 16. Qb3 Rfe8 17.
Rab1 b6 18. a4 Rab8 19. Qa2 Bf8 20.
a5 Nd7 21. axb6 axb6 22. Rfc1 Ra8 23. Qe2 Nc5 24. Rc2 Ra3 25. Bc1 Rb3 26. Rxb3 Nxb3 27. Be3 Ra8 28. Rb2 Ra1+ 29. Kh2 Nc5 30.
Qc2 Be7 31. d4 exd4 32. Nxd4 Qb7 33. Nd5 Nxd5 34. exd5 Bf6 35. Rb5 Be5+ 36. f4 Bf6 37. Qf5 Bxd4 38. Bxd4 Nd7 39. Bxa1 Nf6 40. Rxb6 Qc7 41. Bxf6 gxf6 42.
Rc6 Qe7 43. Rc8+ Kg7 44. Qg4+ Kh6 45. Qh4+ Kg6 1-0

[Event "Nové Hrady - Open"]
[Site "Nové Hrady, Czech Republic"]
[Date "2023.08.16"]
[Round "4.6"]
[White "Šedivý, Karel"]
[Black "Berkovec, Josef"]
[Result "1/2-1/2"]
[TimeControl "2x90min+30s"]
[WhiteFideId "359653"]
[WhiteElo "1583"]
[BlackElo "1537"]

1. d4 d5 2. Nf3 Nf6 3. c4 e6 4. Nc3 a6 5. cxd5 exd5 6. Bg5 c6 7. e3 Be7 8. Bd3 Nbd7 9. O-O Ne4 10.
Bxe7 Qxe7 11. Qc2 Ndf6 12. Ne5 Nxc3 13. bxc3 O-O 14. Rab1 Qc7 15. Rfc1 b5 16. Qb3 Be6 17. Qb4 Ne4 18. Bxe4 dxe4 19. Qc5 Rfc8 20. f3 f6 21. Ng4 exf3 22.
gxf3 Bxa2 23. Rb2 Be6 24. Rg2 Kf7 25. Qh5+ Kf8 26. Qxh7 Bg8 27. Qf5 Qf7 28. Qc5+ Qe7 29. Nxf6 Qxc5 30.
Nd7+ Ke8 31. Nxc5 Rc7 32. Kf2 a5 33. Rcg1 Raa7 34. Ra1 a4 35.
Ra3 Kf8 36. e4 Bf7 37. f4 Re7 38. e5 Bd5 39. Rg5 Kf7 40. h4 g6 41. Kg3 Rac7 42. Ra1 Ra7 43. Ra3 Rac7 44. Kf2 Ra7 45.
Ke3 Rac7 46. Kd2 Ra7 47. Kc1 Rac7 48. Kb2 Ra7 1/2-1/2

[Event "Nové Hrady - Open"]
[Site "Nové Hrady, Czech Republic"]
[Date "2023.08.16"]
[Round "4.7"]
[White "Postl, František"]
[Black "Mošnička, Jan"]
[Result "1/2-1/2"]
[TimeControl "2x90min+30s"]
[BlackFideId "329398"]
[WhiteElo "1180"]
[BlackElo "1784"]

1. Nf3 Nf6 2. g3 c5 3. c4 Nc6 4. Nc3 g6 5. Bg2 Bg7 6. O-O O-O 7. d3 d5 8. cxd5 Nxd5 9. Bd2 Rb8 10. Ng5 e6 11. Nge4 b6 12.
Qc1 Bb7 13. Bg5 Nxc3 14. bxc3 Qc7 15. Nf6+ Kh8 16. f4 h6 17. Bh4 Ne7 18. e4 Ba6 19. Rf3 Rfd8 20. Qd2 Rd6 21. Rc1 Ng8 22.
Ng4 Bb7 23. Re1 Ne7 24. Ne5 Kg8 25. Nc4 Rdd8 26. Rf2 Ba6 27. Qc2 Bxc4 28. dxc4 Rd7 29. g4 Rbd8 30. Bg3 Qc8 31. f5 exf5 32.
exf5 gxf5 33. gxf5 Bf6 34. Rf4 Rd3 35. Rg4+ Kf8 36. Qf2 Ng8 37. Bd5 R8xd5 38. cxd5 Rxd5 39. Rge4 Qxf5 40. Bd6+ Kg7 41.
Qg3+ Kh7 42. Be5 Rxe5 43. Rxe5 Bxe5 44. Rxe5 Qb1+ 45. Qe1 Qxa2 46. Rf5 Qc4 47. Qb1 Qg4+ 48. Kh1 Kg7 49. Qf1 Qe4+ 50.
Kg1 Qg4+ 51. Kh1 Qe4+ 1/2-1/2

[Event "Nové Hrady - Open"]
[Site "Nové Hrady, Czech Republic"]
[Date "2023.08.16"]
[Round "4.8"]
[White "Junek, Petr"]
[Black "Hokr, Matyáš"]
[Result "1/2-1/2"]
[TimeControl "2x90min+30s"]
[WhiteFideId "23739282"]
[BlackFideId "23734663"]
[WhiteElo "1554"]
[BlackElo "1228"]

1. e4 e6 2. d4 d5 3. exd5 exd5 4. Bd3 Bd6 5. Nc3 Nf6 6. f3 c6 7. Nge2 Qc7 8. g3 O-O 9. Bg5 Nbd7 10.
Qd2 b5 11. Bf4 Re8 12. O-O-O a5 13. h4 Nf8 14. h5 Bxf4 15. gxf4 h6 16. Rdg1 Ne6 17. f5 Ng5 18. Rxg5 hxg5 19.
Qxg5 Nh7 20. Qg2 b4 21. h6 f6 22. Na4 Ra7 23. Rg1 Ng5 24. Nc5 Re3 25. f4 Rxe2 26. Qxe2 Qxf4+ 27. Kb1 Bxf5 28.
Bxf5 Qxf5 29. hxg7 Kxg7 1/2-1/2

[Event "Nové Hrady - Open"]
[Site "Nové Hrady, Czech Republic"]
[Date "2023.08.16"]
[Round "4.9"]
[White "Sander, Antonín"]
[Black "Berkovec, Jakub"]
[Result "1/2-1/2"]
[TimeControl "2x90min+30s"]
[WhiteFideId "23749920"]
[BlackFideId "23727080"]
[WhiteElo "1448"]
[BlackElo "1288"]

1. e4 c5 2. d4 cxd4 3. c3 Nf6 4. e5 Nd5 5. Qxd4 e6 6. Nf3 b6 7. Qe4 Nc6 8. Bc4 Nde7 9. O-O Bb7 10. Qe2 Qc7 11. Na3 a6 12. Bd3 Nc8 13. Nc2 d6 14. Ne3 Nxe5 15. Nxe5 dxe5 16. Nc4 b5 17. Nxe5 Bd6 18.
Bf4 Bxe5 19. Bxe5 Qc6 20. f3 O-O 21. Be4 Qb6+ 22. Bd4 Qc7 23. Bxb7 Qxb7 24. Qe5 f6 25. Qxe6+ Kh8 26. Rfe1 Na7 27.
Qe7 Qxe7 28. Rxe7 Nc6 29. Rc7 Nxd4 30. cxd4 Rad8 31. Rd1 Rd6 32. d5 Rfd8 33. Rc5 h6 34. Kf2 Kh7 35. Ke3 Kg6 36.
f4 Re8+ 37. Kf3 Red8 38. g4 f5 39. gxf5+ Kxf5 40. h4 R8d7 41. Rd2 Rd8 42. b3 R8d7 43. a4 bxa4 44. bxa4 Rb6 45. d6+ Kf6 46.
Kg4 Rbxd6 47. Rxd6+ Rxd6 48. a5 Ke5 1/2-1/2

[Event "Nové Hrady - Open"]
[Site "Nové Hrady, Czech Republic"]
[Date "2023.08.16"]
[Round "4.10"]
[White "Steinbauer, Sebastián"]
[Black "Mácová, Markéta"]
[Result "1-0"]
[TimeControl "2x90min+30s"]
[WhiteFideId "399272"]
[BlackFideId "23715588"]
[WhiteElo "1782"]
[BlackElo "1304"]

1. e4 e5 2. Nf3 Nc6 3. Bc4 Nf6 4. Ng5 d5 5. exd5 Nxd5 6. d4 Be6 7. O-O Be7 8. Nxe6 fxe6 9. dxe5 Nxe5 10. Qh5+ Nf7 11. Qg4 O-O 12.
Qxe6 Nb6 13. Bb3 Bf6 14. Nc3 Qd7 15. Bf4 Qxe6 16. Bxe6 c6 17. Rad1 Rae8 18. Bb3 Kh8 19. Rfe1 Rxe1+ 20. Rxe1 Nd8 21. Bd6 Bxc3 22. bxc3 Ne6 23. Bxf8 Nxf8 24.
Re8 Nbd7 25. Be6 h6 26. Bxd7 1-0

[Event "Nové Hrady - Open"]
[Site "Nové Hrady, Czech Republic"]
[Date "2023.08.17"]
[Round "5.1"]
[White "Urban, Zdeněk"]
[Black "Babula, Milan"]
[Result "1-0"]
[TimeControl "2x90min+30s"]
[WhiteFideId "312754"]
[BlackFideId "300632"]
[WhiteElo "2118"]
[BlackElo "2087"]

1. c4 Nf6 2. Nc3 g6 3. e4 d6 4. d4 Bg7 5. Nf3 O-O 6. Be2 Nbd7 7. Be3 e5 8. d5 Ng4 9. Bg5 f6 10.
Bc1 Nh6 11. h4 a5 12. Ng1 f5 13. Bg5 Nf6 14. h5 Nf7 15. Bd2 Nxe4 16. Nxe4 fxe4 17. hxg6 hxg6 18. Bg4 Qf6 19. Bxc8 Rfxc8 20. Qg4 Qf5 21. Qh4 c6 22. Ne2 Bf6 23. Qh7+ Kf8 24. Ng3 Qg4 25. Qh3 Qxh3 26. Rxh3 cxd5 27.
cxd5 Rc4 28. b3 Rd4 29. Be3 Rb4 30. a3 Rxb3 31. Nxe4 Bg7 32. Rc1 a4 33. Rc7 Kg8 34. Rg3 Rb1+ 35.
Kd2 Nh8 36. Kc2 Rb5 37. Nxd6 Rxd5 38. Nf5 Bf6 39. Nh6+ Kf8 40. Rf3 Ra6 41. Ng4 Rdd6 42. Bc5 1-0

[Event "Nové Hrady - Open"]
[Site "Nové Hrady, Czech Republic"]
[Date "2023.08.17"]
[Round "5.2"]
[White "Žilavý, Jan"]
[Black "Slabý, Matěj"]
[Result "1-0"]
[TimeControl "2x90min+30s"]
[WhiteFideId "350141"]
[BlackFideId "23734876"]
[WhiteElo "2130"]
[BlackElo "1894"]

1. d4 d5 2. c4 Nc6 3. Nf3 Bg4 4. Nc3 e6 5. Bf4 dxc4 6. e3 Bd6 7. Bxd6 Qxd6 8. Bxc4 Nf6 9. h3 Bh5 10.
O-O O-O 11. Rc1 a6 12. Bd3 e5 13.
Ne4 Nxe4 14. Bxe4 exd4 15. Bxc6 bxc6 16. g4 Bg6 17. Qxd4 Qe6 18. Rfd1 Qxa2 19. Ne5 Rfe8 20. Rxc6 Rab8 21.
Rxc7 Qxb2 22. Qxb2 Rxb2 23. Rdd7 Rf8 24. f4 Rb5 25. Kf2 Be4 26. Nxf7 1-0

[Event "Nové Hrady - Open"]
[Site "Nové Hrady, Czech Republic"]
[Date "2023.08.17"]
[Round "5.3"]
[White "Pospěch, Radim"]
[Black "Bosák, Jan"]
[Result "0-1"]
[TimeControl "2x90min+30s"]
[WhiteFideId "329835"]
[BlackFideId "314692"]
[WhiteElo "1874"]
[BlackElo "2082"]

1. d4 Nf6 2. c4 g6 3. Nc3 d5 4. e3 Bg7 5. Qb3 c6 6. Nf3 O-O 7. Be2 dxc4 8. Bxc4 b5 9. Bd3 Na6 10.
O-O Be6 11. Qd1 Nb4 12. Bb1 Qb6 13. e4 Rfd8 14. a3 Na6 15. h3 Bc4 16. Re1 c5 17. d5 b4 18. axb4 Nxb4 19. Be3 Rac8 20.
Na4 Qb5 21. Nc3 Qb7 22. Ra5 Qb6 23. Ra3 e6 24. Na4 Qb8 25. b3 Bb5 26. Nxc5 exd5 27. e5 Ne4 28. Na4 Nc6 29. Bd4 Nxd4 30. Qxd4 Bxa4 31. Bxe4 dxe4 32. Qxe4 Bc6 33. Qe3 Qb6 34. Qf4 Bd5 35. Nd4 Bf8 36.
Raa1 Bb4 37. Rec1 Bc3 0-1

[Event "Nové Hrady - Open"]
[Site "Nové Hrady, Czech Republic"]
[Date "2023.08.17"]
[Round "5.4"]
[White "Šimůnek, Jakub Šimon"]
[Black "Šedivý, Karel"]
[Result "1-0"]
[TimeControl "2x90min+30s"]
[WhiteFideId "23709464"]
[BlackFideId "359653"]
[WhiteElo "1921"]
[BlackElo "1583"]

1. e4 c6 2. d4 d5 3. e5 Bf5 4.
Nf3 e6 5. Be2 c5 6. Be3 Nc6 7. O-O Qc7 8. c3 f6 9. exf6 cxd4 10. fxg7 Bxg7 11. Nxd4 Nxd4 12. Bxd4 Nf6 13. Bb5+ Kf7 14.
h3 h5 15. Nd2 e5 16. Be3 Rad8 17. Nf3 e4 18. Ng5+ Kg6 19. Qd2 Ng4 20. hxg4 hxg4 21. g3 Rh5 22. Kg2 Bh6 23. Rh1 Rxh1 24.
Rxh1 Qe7 25. Rxh6+ Kxh6 26. Nf7+ Kg6 27. Nxd8 Qh7 28. Qxd5 1-0

[Event "Nové Hrady - Open"]
[Site "Nové Hrady, Czech Republic"]
[Date "2023.08.17"]
[Round "5.5"]
[White "Hokr, Matyáš"]
[Black "Matyska, Jiří"]
[Result "1-0"]
[TimeControl "2x90min+30s"]
[WhiteFideId "23734663"]
[BlackFideId "309370"]
[WhiteElo "1228"]
[BlackElo "1852"]

1. Nf3 Nf6 2. b3 b6 3. g3 Bb7 4. Bg2 e6 5. O-O c5 6. Bb2 Be7 7. c4 O-O 8. e3 Qc8 9. Qc2 Nc6 10.
Nc3 Rd8 11. Rad1 d5 12. d4 dxc4 13. bxc4 Nb4 14. Qb3 Nc6 15. dxc5 Na5 16. Rxd8+ Qxd8 17. Qc2 Bxc5 18. Nb5 Qe7 19.
Bd4 Be4 20. Bxf6 Bxc2 21. Bxe7 Bxe7 22. Nfd4 Rc8 23. Nxc2 Rxc4 24. Rc1 a6 25. Nbd4 g6 26. Bf1 Ra4 27. Ne1 Bc5 28. Nef3 Rxa2 29.
Bxa6 Kg7 30. Bc4 Ra4 31. Bxe6 Bxd4 32. Rc7 Kf6 33. Nxd4 Rxd4 34. exd4 Kxe6 35. Kf1 h5 36.
Ke2 b5 37. Kd3 f6 38. Rc5 Nb7 39. Rxb5 Nd6 40. Rb6 Kd5 41. Rxd6+ 1-0

[Event "Nové Hrady - Open"]
[Site "Nové Hrady, Czech Republic"]
[Date "2023.08.17"]
[Round "5.6"]
[White "Mošnička, Jan"]
[Black "Junek, Petr"]
[Result "1-0"]
[TimeControl "2x90min+30s"]
[WhiteFideId "329398"]
[BlackFideId "23739282"]
[WhiteElo "1784"]
[BlackElo "1554"]

1. Nf3 d5 2. b3 c5 3. e3 Nc6 4. Bb2 Bg4 5. Be2 Nf6 6. d4 e6 7. O-O Bd6 8. Nbd2 Qc7 9. h3 Bh5 10.
c4 Bg6 11. Nh4 Be4 12. Nhf3 O-O-O 13. Nxe4 Nxe4 14. Qc1 Rhg8 15. cxd5 exd5 16. Rd1 f5 17. dxc5 Bxc5 18. Nd4 Nxd4 19.
Bxd4 b6 20. a3 Bd6 21. Qxc7+ Kxc7 22. b4 Kd7 23. Ba6 Ke6 24. Rac1 g6 25. Kf1 f4 26. Ke2 fxe3 27. Bxe3 Be5 28.
Bd4 Bxd4 29. Rxd4 Rgf8 30. f3 Ng3+ 31. Kf2 Nf5 32. Rd2 Ke5 33. Rc7 h5 34. Rxa7 Ra8 35. Rxa8 Rxa8 36. b5 d4 37.
Ke2 Ne3 38. Kd3 Rd8 39. Bb7 Rd7 40. Bc6 Ra7 41. Ra2 g5 42. g3 Ra4 43. Be8 h4 44. gxh4 gxh4 45. Bf7 Nf5 46. Bb3 Ra7 47. a4 Rg7 48. Re2+ Ne3 49.
f4+ Kxf4 50. Kxd4 Rg3 51. Be6 Nf5+ 52. Bxf5 Kxf5 53. Kd5 Ra3 54. Re4 Rxh3 55. Rc4 Rd3+ 56. Kc6 h3 57. Kxb6 Rd6+ 58.
Kc7 Rh6 59. Rc1 Rh7+ 60. Kc8 Rh8+ 61. Kc7 Rh7+ 62. Kc6 Rh6+ 63. Kb7 Rh7+ 64. Ka6 Rh6+ 65. b6 h2 66. Rh1 Kg4 67. Ka7 Kg3 68.
a5 Kg2 69. Rxh2+ Kxh2 70. a6 Rh7+ 71.
b7 Kg3 72. Ka8 Rh8+ 73. a7 1-0

[Event "Nové Hrady - Open"]
[Site "Nové Hrady, Czech Republic"]
[Date "2023.08.17"]
[Round "5.7"]
[White "Berkovec, Jakub"]
[Black "Steinbauer, Sebastián"]
[Result "0-1"]
[TimeControl "2x90min+30s"]
[WhiteFideId "23727080"]
[BlackFideId "399272"]
[WhiteElo "1288"]
[BlackElo "1782"]

1. e4 e5 2. Nf3 Nf6 3. Nxe5 d6 4.
Nf3 Nxe4 5. Nc3 Nxc3 6. dxc3 Nc6 7. Be3 Be7 8. Qd2 Bg4 9. Be2 Qd7 10. O-O-O O-O 11. Nd4 Bxe2 12. Qxe2 a5 13.
h4 Rfe8 14. Qd2 Ne5 15. Bg5 f6 16. Bf4 c5 17. Bxe5 dxe5 18. Ne2 Qa4 19. Qd5+ Kf8 20. Qb3 Qe4 21. Ng3 Qxg2 22. Rhf1 Qc6 23.
Nf5 c4 24. Nxe7 Rxe7 25. Qa3 Kf7 26. Qd6 Qe4 27. Qd5+ Qxd5 28. Rxd5 Rc7 29. Rfd1 Kg6 30. Rd7 Rac8 31. R1d5 b6 32.
R7d6 Rc6 33. Kd2 R8c7 34. Ke3 Rxd6 35. Rxd6 Rb7 36. Kf3 Kf5 37. Rd5 Ke6 38. Rd1 Rd7 39. Rg1 g6 40. Ke2 Kf5 41. f3 g5 42. Rg4 h5 43.
Rxc4 Rd6 44. Re4 g4 45. Rc4 g3 46.
Rc8 Kf4 47. Rg8 Re6 48. Rc8 e4 49. Rc4 f5 50. Rd4 Rg6 51. Rd1 exf3+ 52. Kf1 Kg4 53. Rd4+ f4 54. Kg1 Re6 55. Kf1 g2+ 56.
Kf2 Re2+ 57. Kg1 Kg3 0-1

[Event "Nové Hrady - Open"]
[Site "Nové Hrady, Czech Republic"]
[Date "2023.08.17"]
[Round "5.8"]
[White "Garabik, Marek"]
[Black "Mores, Antonín"]
[Result "1-0"]
[TimeControl "2x90min+30s"]
[WhiteFideId "23717742"]
[BlackFideId "23711485"]
[WhiteElo "1738"]
[BlackElo "1305"]

1. e4 c5 2. Nc3 Nc6 3. Bb5 g6 4. Bxc6 dxc6 5. d3 Bg7 6. Be3 Qa5 7. Qd2 Nf6 8. h3 Be6 9. f4 O-O-O 10. Nf3 c4 11. d4 h6 12. O-O Nh7 13. Rad1 f6 14. Qf2 Rhg8 15. Bd2 Qc7 16. Be3 g5 17. f5 Bf7 18. d5 cxd5 19.
exd5 b6 20. a4 g4 21. hxg4 h5 22. Nb5 Qb7 23. d6 hxg4 24. dxe7 Qxe7 25. Nfd4 g3 26. Qf3 Bd5 27. Nc6 Bxc6 28.
Qxc6+ Kb8 29. Bf4+ 1-0

[Event "Nové Hrady - Open"]
[Site "Nové Hrady, Czech Republic"]
[Date "2023.08.17"]
[Round "5.9"]
[White "Voršilka, Jiří"]
[Black "Postl, František"]
[Result "1-0"]
[TimeControl "2x90min+30s"]
[WhiteFideId "365149"]
[WhiteElo "1556"]
[BlackElo "1180"]

1. c4 c5 2. Nc3 Nc6 3. g3 g6 4.
Bg2 Bg7 5. e4 d6 6. Nge2 Nf6 7. O-O O-O 8. h3 Be6 9. d3 Qd7 10. Kh2 Ne5 11. f4 Nc6 12. Be3 Ne8 13. a3 f5 14.
Rb1 Nf6 15. Nd5 Nh5 16. b4 Nd4 17. Bxd4 Bxd4 18. Nxd4 cxd4 19. exf5 Bf7 20. Qg4 Nf6 21. Nxf6+ exf6 22. fxg6 Qxg4 23.
gxf7+ Rxf7 24. hxg4 1-0

[Event "Nové Hrady - Open"]
[Site "Nové Hrady, Czech Republic"]
[Date "2023.08.18"]
[Round "6.1"]
[White "Žilavý, Jan"]
[Black "Urban, Zdeněk"]
[Result "1/2-1/2"]
[TimeControl "2x90min+30s"]
[WhiteFideId "350141"]
[BlackFideId "312754"]
[WhiteElo "2130"]
[BlackElo "2118"]

1. e4 d6 2. d4 Nf6 3. Nc3 e5 4. dxe5 dxe5 5. Qxd8+ Kxd8 6. Bg5 Be6 7. Nf3 Bd6 8. Nb5 Ke7 9.
Nxd6 cxd6 10. O-O-O Rc8 11.
Kb1 Nbd7 12. Nh4 h6 13. Bxf6+ Nxf6 14. f3 g6 15. Bd3 Nd7 16. g3 Rc5 17. Ng2 b5 18. Ne3 b4 19. f4 f6 20.
h4 Rg8 21. Rdg1 Ra5 22. Bc4 Bxc4 23. Nxc4 Rc5 24. Ne3 Nb6 25. f5 Nc4 26. Nd5+ Kf7 27. fxg6+ Rxg6 28. Rh2 a5 29. Rf2 h5 30.
Kc1 Rxd5 31. exd5 Ne3 32. Rd2 f5 33. Rd3 f4 34. Kd2 Rxg3 35. Rxg3 Nf1+ 36. Ke1 Nxg3 37. a3 e4 38. Rb3 bxa3 39.
Rxa3 Kf6 40. Rxa5 e3 41. Ra8 Ke5 42. Rg8 Kxd5 43. b4 Nf5 44. b5 Nd4 45. b6 Kc6 46. c3 Nf3+ 47. Ke2 Nxh4 48.
Rg5 Kxb6 49. Rxh5 Ng6 50. Rh6 Ne5 51. Rxd6+ Kc5 52. Rd4 Ng6 53. Re4 Kd5 54. Kf3 Kd6 55. Re8 Kd5 56. Re4 Kd6 57.
Kg4 Kd5 58. Kf5 f3 59. Rxe3 Nh4 60.
Kg4 f2 61. Rd3+ Ke4 62. Rd1 Nf5 63. Rc1 Ke5 1/2-1/2

[Event "Nové Hrady - Open"]
[Site "Nové Hrady, Czech Republic"]
[Date "2023.08.18"]
[Round "6.2"]
[White "Bosák, Jan"]
[Black "Šimůnek, Jakub Šimon"]
[Result "1/2-1/2"]
[TimeControl "2x90min+30s"]
[WhiteFideId "314692"]
[BlackFideId "23709464"]
[WhiteElo "2082"]
[BlackElo "1921"]

1. Nf3 d5 2. d4 Nf6 3. c4 c6 4. Nc3 e6 5. Bg5 Nbd7 6. e3 Qa5 7. Nd2 Bb4 8. Qc2 dxc4 9. Bxf6 Nxf6 10.
Nxc4 Qc7 11. a3 Be7 12. Be2 Bd7 13. Ne5 Rc8 14. Rc1 Bd6 15. Nxd7 Nxd7 16. Ne4 O-O 17. Nxd6 Qxd6 18. O-O Rc7 19.
Rfd1 Rfc8 20. Qa4 b6 21. Rc3 Nf6 22. Rdc1 Nd5 23. R3c2 a5 24. g3 g6 25. Bf3 Ne7 26. Qb3 c5 27.
dxc5 Rxc5 28. Kg2 1/2-1/2

[Event "Nové Hrady - Open"]
[Site "Nové Hrady, Czech Republic"]
[Date "2023.08.18"]
[Round "6.3"]
[White "Babula, Milan"]
[Black "Pospěch, Radim"]
[Result "1-0"]
[TimeControl "2x90min+30s"]
[WhiteFideId "300632"]
[BlackFideId "329835"]
[WhiteElo "2087"]
[BlackElo "1874"]

1. e4 c5 2. Nf3 e6 3. d4 cxd4 4. Nxd4 Nf6 5. Nc3 Nc6 6. Ndb5 d6 7. Bf4 e5 8. Bg5 a6 9. Na3 b5 10.
Nd5 Be7 11. Nxe7 Qxe7 12. c3 O-O 13. Qf3 Be6 14. Nc2 h6 15. Bxf6 Qxf6 16. Qxf6 gxf6 17. Ne3 Ne7 18. Bd3 Rfd8 19.
Kd2 d5 20. exd5 Nxd5 21. Nxd5 Rxd5 22. Ke3 Rad8 23. Rhd1 Kf8 24. Bc2 Rxd1 25. Bxd1 a5 26. Be2 b4 27. cxb4 axb4 28. a4 bxa3 29. bxa3 f5 30. g3 Rd4 31. a4 Re4+ 32. Kd2 f4 33.
a5 fxg3 34. hxg3 Rd4+ 35. Kc3 Bd5 36. a6 Ke7 37. Rd1 Rxd1 38. Bxd1 f5 39. Bc2 f4 40. gxf4 Kf6 41. fxe5+ Kxe5 42. Bg6 Ba8 43. Kd3 Kf4 44.
a7 Bb7 45. Kd4 Ba8 46. Bf7 1-0

[Event "Nové Hrady - Open"]
[Site "Nové Hrady, Czech Republic"]
[Date "2023.08.18"]
[Round "6.4"]
[White "Slabý, Matěj"]
[Black "Garabik, Marek"]
[Result "1-0"]
[TimeControl "2x90min+30s"]
[WhiteFideId "23734876"]
[BlackFideId "23717742"]
[WhiteElo "1894"]
[BlackElo "1738"]

1. e4 e6 2. d4 d5 3. e5 c5 4. c3 Bd7 5. Nf3 Qb6 6. Be2 Bb5 7. O-O Bxe2 8. Qxe2 Qa6 9. Re1 Qxe2 10. Rxe2 Nd7 11. Be3 cxd4 12.
cxd4 Ne7 13. Nc3 Nc6 14. a3 Be7 15. b4 Nb6 16. Rc2 Rc8 17. Nd2 Kd7 18. Ne2 f6 19. f4 g5 20. g3 Rhg8 21.
Kh1 gxf4 22. gxf4 fxe5 23. dxe5 Rcf8 24. Rg1 Rxg1+ 25. Bxg1 Bd8 26. Rc3 Be7 27. Rh3 Rf7 28. Kg2 Bd8 29.
Bf2 Nc8 30. Nb3 Bb6 31. Bxb6 axb6 32. b5 N6e7 33. Nbd4 Ng6 34. f5 Nf8 35. Nf4 Rg7+ 36. Kf3 exf5 37. Nxf5 Rg5 38. e6+ Nxe6 39.
Rxh7+ Ke8 40. Nxe6 Rxf5+ 41. Kg4 Re5 42.
Nf4 Ne7 43. Rh6 Nc8 44. Re6+ Rxe6 45. Nxe6 Kd7 46. Nf4 Nd6 47. a4 d4 48. h4 Ne4 49. Kf5 Nc5 50. h5 Ke8 51. Kg6 Kf8 52. h6 Kg8 53. h7+ Kh8 54. Kh6 1-0

[Event "Nové Hrady - Open"]
[Site "Nové Hrady, Czech Republic"]
[Date "2023.08.18"]
[Round "6.5"]
[White "Hokr, Matyáš"]
[Black "Mošnička, Jan"]
[Result "0-1"]
[TimeControl "2x90min+30s"]
[WhiteFideId "23734663"]
[BlackFideId "329398"]
[WhiteElo "1228"]
[BlackElo "1784"]

1. Nf3 Nf6 2. d4 d5 3. Bf4 e6 4. e3 c5 5. c3 Nc6 6. Bd3 Be7 7. O-O O-O 8. Nbd2 b6 9. h3 Bb7 10.
Rc1 h6 11. Re1 Bd6 12. Bh2 Bxh2+ 13. Kxh2 Qc7+ 14. Kh1 e5 15. Bb5 e4 16. Nh2 Ne7 17. Ng4 Nxg4 18. Qxg4 c4 19. Qd7 Qxd7 20.
Bxd7 Rad8 21. Bg4 b5 22. a3 a5 23. Ra1 f5 24. Be2 a4 25. Rg1 Bc8 26. Raf1 f4 27. Bd1 g5 28. Bh5 Kg7 29.
Kh2 Rf6 30. Be2 fxe3 31. fxe3 Nf5 32. g4 Nxe3 33. Rxf6 Kxf6 34. Rg3 Nc2 35. Rg1 Kg7 36.
Rf1 Rf8 37. Rxf8 Kxf8 38. Kg3 Ne1 39. Kf2 Nd3+ 40. Bxd3 cxd3 41. Ke3 h5 42. Nf1 hxg4 43. hxg4 Bxg4 44. Ng3 Kg7 45. Nf1 Kg6 46. Ng3 Bf3 47. Kd2 Be2 48. Ke3 0-1

[Event "Nové Hrady - Open"]
[Site "Nové Hrady, Czech Republic"]
[Date "2023.08.18"]
[Round "6.6"]
[White "Steinbauer, Sebastián"]
[Black "Voršilka, Jiří"]
[Result "1-0"]
[TimeControl "2x90min+30s"]
[WhiteFideId "399272"]
[BlackFideId "365149"]
[WhiteElo "1782"]
[BlackElo "1556"]

1. e4 e5 2. Nf3 Nf6 3. Nxe5 d6 4. Nf3 Nxe4 5. d3 Nf6 6. d4 d5 7. Bd3 Nc6 8. O-O Be7 9. c3 O-O 10.
Ne5 Nxe5 11. dxe5 Ng4 12. Qe2 Bg5 13. f4 Be7 14. f5 Bc5+ 15. Kh1 Nxh2 16. Rf4 Qg5 17. Kxh2 Qh6+ 18. Kg3 Bg1 19. Qg4 Bh2+ 20. Kf3 d4 21. cxd4 Qc6+ 22. Ke2 Qxc1 23. Rf1 Qh6 24.
Nd2 c5 25. Nf3 Bf4 26. Rh1 Qb6 27. Qxf4 Qxb2+ 28. Qd2 1-0

[Event "Nové Hrady - Open"]
[Site "Nové Hrady, Czech Republic"]
[Date "2023.08.18"]
[Round "6.7"]
[White "Šedivý, Karel"]
[Black "Hejda, Ondřej"]
[Result "1-0"]
[TimeControl "2x90min+30s"]
[WhiteFideId "359653"]
[BlackFideId "23713623"]
[WhiteElo "1583"]
[BlackElo "1246"]

1. d4 c6 2. e4 d5 3. exd5 cxd5 4. Nf3 Bg4 5. Be2 Nc6 6. O-O Nf6 7. c3 e6 8. Bg5 Be7 9. Nbd2 O-O 10.
Re1 Qc7 11. Ne5 Bf5 12. Bd3 Bxd3 13. Nxd3 Rfe8 14. Bf4 Bd6 15. Be5 Nd7 16. Nf3 Ndxe5 17. dxe5 Be7 18. Qa4 Bf8 19. Rac1 Rad8 20.
Nd4 Nxd4 21. cxd4 Qb6 22. Rc2 Rc8 23. Rec1 Rxc2 24. Rxc2 Rd8 25. Kf1 Be7 26. f4 f6 27. Ke2 fxe5 28.
fxe5 Rf8 29. b3 a6 30. g3 Qd8 31. Nf4 Qb6 32. Ke3 Bg5 33. Qd7 Bxf4+ 34. gxf4 Rd8 35. Qe7 Rf8 36. Rc7 1-0

[Event "Nové Hrady - Open"]
[Site "Nové Hrady, Czech Republic"]
[Date "2023.08.18"]
[Round "6.8"]
[White "Sander, Antonín"]
[Black "Berkovec, Josef"]
[Result "1/2-1/2"]
[TimeControl "2x90min+30s"]
[WhiteFideId "23749920"]
[WhiteElo "1448"]
[BlackElo "1537"]

1. e4 e5 2. d4 exd4 3. c3 dxc3 4. Bc4 Nc6 5. Nxc3 Nf6 6. Nf3 Bb4 7. O-O Bxc3 8. bxc3 d6 9. e5 dxe5 10.
Qxd8+ Nxd8 11. Nxe5 O-O 12. Ba3 Re8 13. Rfe1 Be6 14. Bb5 c6 15. Bd3 Nd5 16. Nc4 Bd7 17. Rxe8+ Bxe8 18. Re1 Ne6 19.
Nd6 b6 20. c4 Nf6 21. Bb2 c5 22. Bxf6 gxf6 23. Re3 Rd8 24. Ne4 f5 25. Nf6+ Kg7 26. Nxe8+ 1/2-1/2

[Event "Nové Hrady - Open"]
[Site "Nové Hrady, Czech Republic"]
[Date "2023.08.18"]
[Round "6.10"]
[White "Junek, Petr"]
[Black "Jiřík, Radovan"]
[Result "1-0"]
[TimeControl "2x90min+30s"]
[WhiteFideId "23739282"]
[BlackFideId "393118"]
[WhiteElo "1554"]
[BlackElo "1445"]

1. e4 e5 2. Nf3 Nf6 3. Nxe5 d6 4. Nf3 Nxe4 5. Be2 Be7 6.
d3 Nf6 7. Nc3 O-O 8. Be3 Nc6 9. Qd2 d5 10. d4 a6 11. Bd3 Bg4 12. Nh4 Ne4 13. Bxe4 dxe4 14. h3 Bd7 15. g3 Bxh4 16.
gxh4 Qxh4 17. O-O-O f5 18. Bg5 Qh5 19. Rdg1 Kh8 20. Bf4 Rac8 21. Rg5 Qf7 22. Rhg1 Rg8 23. h4 Ne7 24. Be5 Ng6 25.
Rxg6 f4 26. Bxg7+ Rxg7 27. Rxg7 Qf5 28. Nxe4 h6 29. Nf6 Qxf6 30. Rxd7 Qe6 31. Rgg7 Qxa2 32. Rh7+ Kg8 33. Rdg7+ Kf8 34.
Qxf4+ Kxg7 35. Rh8 Kf8 1-0